 Dungeon Crawl Stone Soup version 0.30.1-5-ged363bc7ee (webtiles) character file.

Game seed: 4126471100024943227

148 ChiefBigBeans the Shield-Bearer (level 5, -8/42 HPs)
             Began as a Formicid Fighter on Sept 19, 2023.
             Killed by divine providence
             ... invoked by an orc priest
              (9 damage)
             ... on level 5 of the Dungeon.
             The game lasted 00:07:01 (2692 turns).

ChiefBigBeans the Shield-Bearer (Formicid Fighter)  Turns: 2692, Time: 00:07:01

Health: -8/42      AC:  8    Str: 23    XL:     5   Next: 56%
Magic:  5/5        EV:  9    Int:  7    God:
Gold:   986        SH: 10    Dex: 13    Spells: 4/4 levels left

rFire   . . .        f - +0 battleaxe
rCold   . . .        c - +0 buckler
rNeg    . . .        b - +1 scale mail
rPois   .            (helmet unavailable)
rElec   .            e - scarf {+Inv}
rCorr   .            (no gloves)
SInv    +            (no boots)
Will    .....        m - amulet of reflection Stlth
                     (no ring)
HPRegen 0.27/turn    (no ring)
MPRegen 0.09/turn

%: reflection
@: no status effects
A: permanent stasis, dig shafts and tunnels, antennae 3, four strong arms
a: Dig, Shaft Self, Evoke Invisibility


You were on level 5 of the Dungeon.
You visited 1 branch of the dungeon, and saw 5 of its levels.

You collected 1142 gold pieces.
You spent 156 gold pieces at shops.

Inventory:

Hand Weapons
 a - a +0 long sword
 f - a +0 battleaxe (weapon)
Missiles
 r - a throwing net
Armour
 b - a +1 scale mail (worn)
 c - a +0 buckler (worn)
 e - a scarf of invisibility (worn)
Jewellery
 m - an amulet of reflection (around neck)
Scrolls
 j - a scroll of noise {unknown}
 k - a scroll of amnesia
 l - 3 scrolls of torment {unknown}
 n - a scroll of fear {unknown}
 q - a scroll of magic mapping {unknown}
 t - a scroll of enchant armour
 u - a scroll of summoning {unknown}
 v - a scroll of poison {unknown}
Potions
 d - 3 potions of might
 g - 2 potions of heal wounds {unknown}
 h - 2 potions of attraction {unknown}
 i - 2 potions of curing {unknown}
 o - a potion of mutation {unknown}
 p - a potion of cancellation {unknown}
 s - 2 potions of flight {unknown}
 w - a potion of haste {unknown}


   Skills:
 + Level 4.2 Fighting
 - Level 2.2 Long Blades
 + Level 1.9 Axes
 + Level 4.2 Armour
 + Level 5.1 Shields


You had 4 spell levels left.
You didn't know any spells.
Your spell library contained the following spells:

 Spells                   Type           Power      Damage    Failure   Level
 Flame Wave               Conj/Fire      0%         2d4       100%        4
 Arcjolt                  Conj/Air       0%         1d10      100%        5
 Ignition                 Fire           0%         3d3       100%        8


Dungeon Overview and Level Annotations

Branches:
Dungeon (5/15)
 Temple: D:4-7

Altars:
Hepliaklqana
The Shining One

Shops:
D:1 *   D:3 :

Annotations:
D:4 Menkaure


Innate Abilities, Weirdness & Mutations

You cannot be hasted, slowed, berserked, paralysed or teleported.
You can dig through walls and to a lower floor.
You have a pair of large antennae on your head. (SInv)
Your four strong arms can wield two-handed weapons with a shield.


Message History

You barely miss the orc. You hit the orc wizard. You hit the orc priest.
You hit the orc. You slash the orc!
You kill the orc!
You block the orc's attack. The orc priest hits you with a +0 mace.
The orc barely misses you.
The orc wizard hits you but does no damage.
The orc priest hits you but does no damage.
You block the orc's attack. The orc barely misses you.
The orc wizard casts a spell at you.
You are confused.
You closely miss the orc priest.
The orc priest is lightly wounded.
You closely miss the orc. x2; You slash the orc wizard!
You kill the orc wizard!
The orc hits you but does no damage. The orc priest closely misses you.
The orc barely misses you. The orc hits you but does no damage.
The orc barely misses you.
The orc priest calls upon Beogh to heal the orc.
The orc is healed somewhat.
You see here a +0 dagger.
You closely miss the orc.
The orc is lightly wounded.
You barely miss the orc. The orc hits you but does no damage. x2
The orc priest hits you with a +0 mace. The orc barely misses you.
The orc hits you but does no damage.
You closely miss the orc priest.
The orc priest is lightly wounded.
You slash the orc!
You kill the orc!
You miss the orc.
You feel less confused. The orc priest hits you with a +0 mace.
* * * LOW HITPOINT WARNING * * *
The orc hits you with a +0 hand axe.
* * * LOW HITPOINT WARNING * * *
The orc hits you with a +0 hand axe.
* * * LOW HITPOINT WARNING * * *
The orc priest invokes the aid of Beogh against you.
Beogh smites you!
You die...

##......$..#
#..........#
#...........
#...$.....# #
#.........#..
#...<........
##..........#
#..)).....#.
#...o@....#
#...o.....#
#.........#
#.........#
##.......##
##.....##
#######


You could see an orc priest and an orc.

Vanquished Creatures
  Jessica (D:2)
  An orc wizard (D:5)
  A gnoll (D:1)
  3 adders
  A worm (D:2)
  A dart slug (D:2)
  3 orcs
  3 endoplasms
  6 goblins
  4 hobgoblins
  8 jackals
  3 quokkas
  2 ball pythons
  5 bats
  3 frilled lizards
  5 kobolds
  5 rats
55 creatures vanquished.

Notes
Turn   | Place    | Note
-------+----------+-------------------------------------------
     0 | D:1      | ChiefBigBeans the Formicid Fighter began the quest for the
                  | Orb.
     0 | D:1      | Reached XP level 1. HP: 18/18 MP: 1/1
   156 | D:1      | Found Disk's General Store.
   212 | D:1      | Reached XP level 2. HP: 24/24 MP: 2/2
   435 | D:1      | Reached XP level 3. HP: 28/29 MP: 3/3
   733 | D:2      | Noticed Jessica
   754 | D:2      | Killed Jessica
   755 | D:2      | Reached skill level 1 in Axes
   755 | D:2      | Reached XP level 4. HP: 37/37 MP: 4/4
   937 | D:2      | Found a faded altar of an unknown god.
  1158 | D:2      | Identified the +3 robe "Vawnuk" {Rampage rCorr}
  1458 | D:2      | Identified a scroll of acquirement
  1458 | D:2      | Acquired 986 gold pieces
  1608 | D:1      | Bought a scarf of invisibility for 156 gold pieces
  1709 | D:3      | Got Piporr's Directory of Flame and the Atmosphere
  1819 | D:3      | Found Exosoira's Book Shoppe.
  1870 | D:3      | Reached XP level 5. HP: 42/42 MP: 5/5
  1902 | D:3      | Found a hazy altar of Hepliaklqana.
  2099 | D:3      | Found a glowing golden altar of the Shining One.
  2228 | D:4      | Reached skill level 5 in Shields
  2672 | D:4      | Noticed Menkaure
  2683 | D:5      | Entered Level 5 of the Dungeon
  2692 | D:5      | HP: 1/42 [orc/+0 hand axe (5)]
  2692 | D:5      | Killed from afar by an orc priest

Illustrated notes

Levels and vault maps discovered:
D:1:      saegor_arrival_simple_e, layout_loops_cross, serial_shops, shop
D:2:      layout_rooms, dreamdust_ecumenical_altar_sealed_demon,
          chequers_big_river, uniq_jessica
D:3:      layout_loops_ring, overflow_temple_1_default,
          overflow_temple_1_default, serial_shops, shop
D:4:      layout_loops_ring, uniq_menkaure
D:5:      layout_rooms, grunt_temple_overflow_gold_and_silver,
          grunt_ministairs_13

Skill      XL: |  1  2  3  4  5 |
---------------+----------------+-----
Fighting       | 4 |  4.2
Axes           | 1 |  1.9
Armour         | 4 |  4.2
Shields        | 5 |  5.1
Long Blades    | |  2.2

Action                     |  1- 3 |  4- 6 || total
---------------------------+-------+-------++-------
  Melee: Long sword        |    17 |       ||    17
         Battleaxe         |    44 |    59 ||   103
    Use: Scroll            |       |     6 ||     6
         Potion            |       |     3 ||     3
 Armour: Scale mail        |    41 |    36 ||    77
  Dodge: Dodged            |    44 |    28 ||    72
  Block: Buckler           |    19 |    32 ||    51
